 Dungeon Crawl Stone Soup version 0.21-a0-201-g8501b10 (webtiles) character file.

139542 Helio the Unseen (level 16, -3/86 HPs)
             Began as a Spriggan Enchanter on Aug 18, 2017.
             Was the Champion of Dithmenos.
             Drowned by a drowned soul (14 damage)
             ... summoned by a merfolk avatar
             ... on level 1 of the Shoals.
             The game lasted 01:44:37 (39906 turns).

Helio the Unseen (Spriggan Enchanter)              Turns: 39906, Time: 01:44:38

Health: -3/86      AC: 13    Str: 14    XL:     16   Next: 73%
Magic:  39/39      EV: 32    Int: 19    God:    Dithmenos [******]
Gold:   390        SH:  3    Dex: 17    Spells: 32/44 levels left

rFire    . . .     SeeInvis +   r - +5 rapier (drain)
rCold    . . .     Gourm    .   (shield restricted)
rNeg     . . .     Faith    .   G - +2 robe {MR+}
rPois    +         Spirit   .   (helmet restricted)
rElec    .         Reflect  +   f - +2 cloak
rCorr    .         Harm     .   (gloves unavailable)
MR       +++..                  (boots unavailable)
Stlth    ++++++++++             u - +3 amulet of reflection
HPRegen  0.24/turn              H - ring of Darkness {rPois AC+3 Str+4}
MPRegen  0.26/turn              E - +3 ring of protection

@: wreathed by umbra, very quick
A: unfitting armour, see invisible, herbivore 3, speed 3, high mp 1, slow
metabolism 2, strong 1
a: Shadow Step, Shadow Form, Renounce Religion


You were on level 1 of the Shoals.
You worshipped Dithmenos.
Dithmenos was exalted by your worship.
You were not hungry.

You visited 8 branches of the dungeon, and saw 29 of its levels.

You collected 2702 gold pieces.
You spent 2312 gold pieces at shops.

Inventory:

Hand Weapons
 r - a +5 rapier of draining (weapon)
 R - a +3 quick blade
 S - a +2 dagger of distortion
Armour
 f - a +2 cloak (worn)
 m - the +1 robe of Tocrevax {Int+4 Dex+4}
   (You found it on level 1 of the Spider Nest)

   It affects your intelligence (+4).
   It affects your dexterity (+4).
 o - a scarf of repulsion
 q - a +2 buckler
 G - a +2 robe of magic resistance (worn)
Jewellery
 u - a +3 amulet of reflection (around neck)
 E - a +3 ring of protection (right hand)
 H - the ring of Darkness (left hand) {rPois AC+3 Str+4}
   (You bought it in a shop on level 5 of the Dungeon)

   [ring of protection]

   It affects your AC (+3).
   It affects your strength (+4).
   It protects you from poison.
 O - an uncursed ring of resist corrosion
Wands
 a - a wand of confusion (18/48)
 l - a wand of acid (11/15)
 w - a wand of paralysis (12/24)
 x - a wand of acid (4/15)
 L - a wand of iceblast (7/15)
 U - a wand of paralysis (16/24)
Scrolls
 i - 8 scrolls of remove curse
 t - 9 scrolls of identify
 y - 4 scrolls of recharging
 A - 6 scrolls of fog
 B - 3 scrolls of fear
 F - a scroll of magic mapping
 I - 3 scrolls of teleportation
 J - a scroll of blinking
Potions
 b - a potion of flight
 c - 4 potions of heal wounds
 e - 10 potions of curing
 g - a potion of agility
 h - 5 potions of resistance
 k - 3 potions of haste
 n - a potion of ambrosia
 p - 3 potions of cancellation
 s - 5 potions of brilliance
 D - 4 potions of might
 M - a potion of berserk rage
 Q - 2 potions of mutation
 V - a potion of lignification
Comestibles
 d - 7 bread rations
 j - 10 fruits


   Skills:
 + Level 10.6 Fighting
 + Level 13.0 Short Blades
 + Level 16.2 Dodging
 + Level 20.6 Stealth
 + Level 2.3 Shields
 + Level 14.6 Spellcasting
 + Level 14.8 Hexes


You had 32 spell levels left.
You knew the following spells:

 Your Spells              Type           Power        Failure   Level  Hunger
a - Ensorcelled Hibernat  Hex/Ice        #####.       1%          2    None
b - Corona                Hex            ######.      0%          1    None
c - Confuse               Hex            ######..     1%          3    None
d - Tukima's Dance        Hex            ######..     1%          3    None
e - Dazzling Spray        Conj/Hex       #####.       1%          3    None


Dungeon Overview and Level Annotations

Branches:
Dungeon (15/15)            Temple (1/1) D:6            Lair (6/6) D:10
 Shoals (1/4) Lair:4       Spider (2/4) Lair:3        Slime (0/5) Lair:6
    Orc (2/2) D:11            Elf (1/3) Orc:2        Vaults (0/5) D:14
 Depths (1/5) D:15

Altars:
Ashenzari
Cheibriados
Dithmenos
Elyvilon
Fedhas
Gozag
Hepliaklqana
Kikubaaqudgha
Makhleb
Nemelex Xobeh
Okawaru
Qazlal
Ru
Sif Muna
Trog
Uskayaw
Vehumet
Wu Jian
Xom
Yredelemnul
Zin
The Shining One

Shops:
D:5 %=[   D:8 ?   D:12 [   D:13 **}[:   D:14 %   Orc:2 [*(:

Portals:
Trove: D:12 (give 6 potions of agility)

Annotations:
Lair:2 exclusion: obsidian statue
Spider:2 exclusion: Roxanne, Roxanne


Innate Abilities, Weirdness & Mutations

You are very small and have problems with some larger weapons.
You are too small for most types of armour.
You have supernaturally acute eyesight. (SInv)
You are a herbivore.
You cover ground extremely quickly.
You need consume almost no food.
You have an increased reservoir of magic. (+10% MP)
Your muscles are strong. (Str +2)


Message History

The harpy misses you.
Found 20 gold pieces.
There is a stone staircase leading down here.
The harpy claws you. You block the harpy's attack.
There is a stone staircase leading down here.
You puncture the harpy!
The harpy is moderately wounded.
The harpy claws you!
* * * LOW HITPOINT WARNING * * *
The harpy claws you but does no damage.
The merfolk avatar chants a haunting song.
You resist with almost no effort.
Okay, then.
Unknown command.
You can't go up here!
The harpy claws you!
* * * LOW HITPOINT WARNING * * *
The harpy closely misses you. The drowned soul touches you.
The drowned soul drowns you!
You die...

......≈≈≈≈≈≈≈..†....##..
......≈≈≈≈W≈≈...††..####
.......W≈≈≈≈$.....≈.##
........≈≈≈....##.≈..##
$........m.....##.....#
...............###....##
.......W.......# #W....#
........H......# #..≈...
≈......@S.....!# #..≈≈≈.
.....P.........# #>≈≈≈≈≈
.P.P..)..PP≈≈.....≈≈≈≈≈≈
.>########.P≈≈≈...≈≈≈≈≈≈
. #.≈≈≈≈≈≈≈≈≈≈≈≈≈
#..≈≈≈≈≈≈≈≈≈≈≈≈
..≈≈≈≈≈≈≈≈≈≈≈≈ ≈≈≈≈≈
≈≈≈≈≈ ≈≈≈≈


You could see a merfolk avatar, a harpy, a water moccasin and 3 drowned souls.

Vanquished Creatures
  Arachne (Spider:1)
  Donald (Spider:1)
  Kirke (D:15)
  A ghost moth (Spider:1)
  An emperor scorpion (Spider:2)
  3 entropy weavers
  A very ugly thing (Depths:1)
  A dire elephant (D:15)
  Josephine (D:12)
  A great orb of eyes (Depths:1)
  6 hydras
  4 catoblepae
  2 vault guards (D:14)
  An ice dragon (Spider:1)
  2 centaur warriors (D:15)
  Erica (D:8)
  The ghost of CakeIsGreat the Geomancer, a journeyman GrEE of Vehumet (Lair:3)
  A queen ant (Lair:5)
  9 two-headed ogres
  An ogre mage (D:15)
  6 death yaks (Lair:6)
  6 orc high priests
  An unseen horror (D:10)
  5 wizards
  7 orc knights (Orc:2)
  8 deep elf magi (Elf:1)
  8 manticores
  An oklob plant (Lair:4)
  12 orb spiders
  A cyclops (D:15)
  2 orc sorcerers
  A salamander (D:15)
  6 fauns (Shoals:1)
  9 wolf spiders
  4 merfolk sirens (Shoals:1)
  Maurice (D:8)
  4 elephants
  5 black mambas
  10 spiny frogs
  2 gargoyles
  A torpor snail (Spider:2)
  7 demonic crawlers
  3 rime drakes
  4 komodo dragons
  A yaktaur (shapeshifter) (D:14)
  A guardian mummy (D:12)
  19 jumping spiders
  8 trolls
  Grinder (D:6)
  A merfolk (Shoals:1)
  A hornet (D:9)
  4 polar bears
  2 snapping turtles (Shoals:1)
  A wind drake (Shoals:1)
  6 slime creatures
  Prince Ribbit (D:8)
  11 hippogriffs
  12 dream sheep
  8 blink frogs
  5 wraiths
  21 tarantellas
  4 wyverns
  60 redbacks
  A shadow (D:11)
  2 water elementals (Shoals:1)
  70 yaks
  19 humans (D:14)
  A golden eye (shapeshifter) (D:15)
  3 basilisks
  A steam dragon (Lair:3)
  A hungry ghost (D:13)
  3 vampire mosquitoes (D:15)
  A warg (shapeshifter) (D:13)
  Edmund (D:5)
  4 wargs (Orc:2)
  27 soldier ants
  3 water moccasins
  7 porcupines
  35 orc warriors
  4 sky beasts
  2 ice beasts
  6 phantoms
  2 eyes of draining
  17 ogres
  5 boggarts
  14 centaurs
  17 wolves
  9 crocodiles
  3 big kobolds
  16 bullfrogs
  A water moccasin zombie (D:6)
  A wyvern skeleton (D:8)
  2 scorpions
  A water moccasin skeleton (D:7)
  5 killer bees (D:11)
  A howler monkey (D:5)
  13 wights
  5 electric eels
  7 crimson imps
  4 centaur zombies
  6 hounds
  5 jellies
  A quasit (D:5)
  2 bullfrog skeletons
  29 orc priests
  Crazy Yiuf (D:5)
  3 bullfrog zombies
  4 centaur skeletons
  23 orc wizards
  2 iguanas
  26 worker ants
  A hound zombie (D:7)
  A worker ant zombie (D:7)
  4 gnolls (D:7)
  12 adders
  A howler monkey skeleton (D:11)
  3 shadow imps
  3 adder zombies
  2 adder skeletons
  3 worms
  5 dart slugs
  5 leopard geckos
  107 orcs
  9 giant cockroaches
  6 goblins
  7 hobgoblins
  2 jackals (D:1)
  4 quokkas
  2 ball pythons
  12 bats
  4 frilled lizards
  A jackal skeleton (D:4)
  3 jackal zombies
  22 kobolds
  A quokka skeleton (D:5)
  A quokka zombie (D:5)
  10 rats
  2 plants (Lair:6)
970 creatures vanquished.

Vanquished Creatures (collateral kills)
  An orc warrior (D:15)
  An electric eel (D:10)
  2 orcs
4 creatures vanquished.

Vanquished Creatures (others)
  A redback zombie (D:15)
  A redback (Spider:2)
  A human (D:15)
  2 fungi
  2 plants
7 creatures vanquished.

Grand Total: 981 creatures vanquished

Notes
Turn   | Place    | Note
-------+----------+-------------------------------------------
     0 | D:1      | Helio the Spriggan Enchanter began the quest for the Orb.
     0 | D:1      | Reached XP level 1. HP: 9/9 MP: 5/5
   295 | D:1      | Reached XP level 2. HP: 9/13 MP: 7/7
   318 | D:1      | Learned a level 2 spell: Ensorcelled Hibernation
  1274 | D:1      | Reached XP level 3. HP: 14/16 MP: 5/8
  1279 | D:1      | Learned a level 3 spell: Confuse
  1327 | D:1      | Learned a level 3 spell: Tukima's Dance
  1966 | D:1      | Noticed an ogre
  2257 | D:1      | Killed an ogre
  2257 | D:1      | Reached skill level 5 in Hexes
  2257 | D:1      | Reached XP level 4. HP: 7/21 MP: 5/11
  2623 | D:2      | Reached XP level 5. HP: 24/24 MP: 10/13
  2965 | D:2      | Reached skill level 5 in Spellcasting
  3124 | D:2      | Learned a level 3 spell: Dazzling Spray
  4335 | D:4      | Reached skill level 5 in Stealth
  4716 | D:4      | Noticed a phantom
  4730 | D:4      | Killed a phantom
  4730 | D:4      | Reached skill level 6 in Stealth
  4730 | D:4      | Reached XP level 6. HP: 15/28 MP: 5/15
  5369 | D:5      | Entered Level 5 of the Dungeon
  5382 | D:5      | Reached skill level 7 in Stealth
  5421 | D:5      | Reached skill level 8 in Stealth
  5779 | D:5      | Reached skill level 9 in Stealth
  5779 | D:5      | Reached XP level 7. HP: 18/32 MP: 3/16
  6215 | D:5      | Found Kucul's Antique Armour Boutique.
  6251 | D:5      | Reached skill level 10 in Stealth
  6534 | D:5      | Noticed Edmund
  6538 | D:5      | Killed Edmund
  6559 | D:5      | Reached skill level 11 in Stealth
  6680 | D:5      | Found Laehione's Food Boutique.
  6712 | D:5      | Found a runed door.
  6742 | D:5      | Found Buluicee's Jewellery Boutique.
  6934 | D:5      | Reached skill level 12 in Stealth
  6934 | D:5      | Reached XP level 8. HP: 36/36 MP: 13/17
  7070 | D:5      | Found a glowing golden altar of the Shining One.
  7162 | D:5      | Found an opulent altar of Gozag.
  7552 | D:5      | Noticed Crazy Yiuf
  7561 | D:5      | Killed Crazy Yiuf
  7586 | D:6      | Reached skill level 13 in Stealth
  7596 | D:6      | Found a stormy altar of Qazlal.
  7653 | D:6      | Found a bloodstained altar of Trog.
  8102 | D:6      | Reached skill level 1 in Fighting
  8451 | D:6      | Found an iron altar of Okawaru.
  8458 | D:6      | Found a hide-covered altar of Uskayaw.
  8459 | D:6      | Found a basalt altar of Yredelemnul.
  8460 | D:6      | Found a radiant altar of Vehumet.
  8461 | D:6      | Found a white marble altar of Elyvilon.
  8462 | D:6      | Found a shadowy altar of Dithmenos.
  8466 | D:6      | Became a worshipper of Dithmenos the Shadowed
  8638 | D:6      | Found a staircase to the Ecumenical Temple.
  8638 | D:6      | Noticed Grinder
  8652 | D:6      | Killed Grinder
  8652 | D:6      | Reached XP level 9. HP: 37/42 MP: 11/19
  8698 | Temple   | Entered the Ecumenical Temple
  9436 | D:7      | Reached skill level 5 in Dodging
  9822 | D:7      | Reached * piety under Dithmenos
 10092 | D:8      | Found Yjemej's Magic Scroll Shop.
 10279 | D:8      | Reached skill level 14 in Stealth
 10353 | D:8      | Noticed a two-headed ogre
 10360 | D:8      | Killed a two-headed ogre
 10361 | D:8      | Noticed Prince Ribbit
 10370 | D:8      | Killed Prince Ribbit
 10370 | D:8      | Reached XP level 10. HP: 49/49 MP: 14/22
 10615 | D:8      | Noticed Maurice
 10619 | D:8      | Killed Maurice
 10699 | D:8      | Reached ** piety under Dithmenos
 10887 | D:8      | Noticed Erica
 10898 | D:8      | Killed Erica
 10898 | D:8      | Reached skill level 5 in Short Blades
 11874 | D:10     | Entered Level 10 of the Dungeon
 12355 | D:10     | Found a staircase to the Lair.
 12379 | D:10     | Reached skill level 15 in Stealth
 13253 | D:10     | Noticed a two-headed ogre
 13262 | D:10     | Killed a two-headed ogre
 13262 | D:10     | Reached XP level 11. HP: 54/54 MP: 17/24
 13303 | D:10     | Noticed a two-headed ogre
 13311 | D:10     | Killed a two-headed ogre
 13641 | D:10     | Reached *** piety under Dithmenos
 14222 | D:11     | Found a staircase to the Orcish Mines.
 14279 | D:11     | Reached skill level 5 in Fighting
 14370 | D:11     | Found an iron altar of Okawaru.
 15280 | D:11     | Reached **** piety under Dithmenos
 15516 | D:11     | Noticed a two-headed ogre
 15542 | D:11     | Killed a two-headed ogre
 15861 | D:12     | Noticed Josephine
 15897 | D:12     | HP: 2/56 [Josephine/vampiric draining (18)]
 15901 | D:12     | Killed Josephine
 15901 | D:12     | Reached skill level 16 in Stealth
 15901 | D:12     | Reached skill level 10 in Spellcasting
 16185 | D:12     | Reached skill level 10 in Dodging
 16185 | D:12     | Reached skill level 10 in Hexes
 16232 | D:12     | Found Saff's Armour Shoppe.
 16373 | D:12     | Found a portal to a secret trove of treasure.
 16432 | D:12     | Reached XP level 12. HP: 60/60 MP: 19/27
 16626 | D:12     | Noticed a two-headed ogre
 16640 | D:12     | Killed a two-headed ogre
 17245 | D:5      | Bought the ring of Darkness {rPois AC+3 Str+4} for 527 gold pieces
 17602 | D:13     | Found a bloodstained altar of Trog.
 17607 | D:13     | Found Weduru Wacu's General Store.
 17611 | D:13     | Found Ihalo's Gadget Emporium.
 17713 | D:13     | Found Mol Vief's Book Shoppe.
 17729 | D:13     | Found Qyuhuonist's Armour Shop.
 17945 | D:13     | Found Agreac's General Store.
 18881 | D:14     | Noticed a catoblepas
 19614 | D:14     | Found Batorgh's Food Boutique.
 20089 | D:14     | Reached ***** piety under Dithmenos
 20206 | D:14     | Noticed a two-headed ogre
 20220 | D:14     | Killed a two-headed ogre
 20268 | D:14     | Found a hazy altar of Hepliaklqana.
 20269 | D:14     | Noticed an eight-headed hydra
 20283 | D:14     | Noticed a vault guard
 20284 | D:14     | Killed an eight-headed hydra
 20512 | D:14     | Noticed a vault guard
 20529 | D:14     | Killed a vault guard
 20529 | D:14     | Reached skill level 17 in Stealth
 20561 | D:14     | Killed a vault guard
 20561 | D:14     | Reached XP level 13. HP: 56/66 MP: 21/29
 20656 | D:14     | Found a gate to the Vaults.
 20971 | Lair:1   | Entered Level 1 of the Lair of Beasts
 22386 | Lair:2   | Identified a scroll of acquirement
 22961 | Lair:2   | Found the +2 hat of the Bear Spirit {Spirit, +Rage rN+ MR++}
 23060 | Lair:3   | Noticed CakeIsGreat's ghost (journeyman GrEE)
 23070 | Lair:3   | Killed CakeIsGreat's ghost
 23682 | Lair:3   | Found a hole to the Spider Nest.
 24346 | Lair:4   | Found a staircase to the Shoals.
 24987 | Lair:4   | Reached skill level 10 in Short Blades
 25110 | Lair:4   | Reached ****** piety under Dithmenos
 25426 | Lair:4   | Reached skill level 18 in Stealth
 25852 | Lair:4   | Reached XP level 14. HP: 73/73 MP: 27/31
 26382 | Lair:5   | Noticed an entropy weaver
 26388 | Lair:5   | Noticed an entropy weaver
 26389 | Lair:5   | Killed an entropy weaver
 26394 | Lair:5   | Killed an entropy weaver
 27053 | Lair:6   | Entered Level 6 of the Lair of Beasts
 27099 | Lair:6   | Found a staircase to the Slime Pits.
 28468 | Lair:6   | Reached skill level 19 in Stealth
 28928 | Orc:1    | Entered Level 1 of the Orcish Mines
 29243 | Orc:2    | Entered Level 2 of the Orcish Mines
 29433 | Orc:2    | Found Bypheges's Book Boutique.
 29478 | Orc:2    | Reached XP level 15. HP: 79/79 MP: 28/33
 30155 | Orc:2    | Found a staircase to the Elven Halls.
 31533 | Orc:2    | Found Javeok Hauc's Weapon Shop.
 31533 | Orc:2    | Found Giob's Distillery.
 31534 | Orc:2    | Found Irucsiupt's General Store.
 31534 | Orc:2    | Found Dadimoil's Armour Shop.
 31556 | Orc:2    | Bought a potion of heal wounds for 55 gold pieces
 31556 | Orc:2    | Bought a potion of might for 44 gold pieces
 31556 | Orc:2    | Bought a potion of curing for 33 gold pieces
 31556 | Orc:2    | Bought 2 potions of curing for 66 gold pieces
 31556 | Orc:2    | Bought a potion of haste for 110 gold pieces
 31556 | Orc:2    | Bought a potion of cancellation for 88 gold pieces
 31558 | Orc:2    | Bought a potion of mutation for 88 gold pieces
 31564 | Orc:2    | Bought a scroll of enchant armour for 105 gold pieces
 31564 | Orc:2    | Bought 2 potions of mutation for 224 gold pieces
 31564 | Orc:2    | Bought a potion of resistance for 140 gold pieces
 31580 | Orc:2    | Gained mutation: Your spells are a little harder to cast, but a little more powerful. [potion of mutation]
 31580 | Orc:2    | Gained mutation: You have a pair of small antennae on your head. [potion of mutation]
 31581 | Orc:2    | Lost mutation: Your spells are a little harder to cast, but a little more powerful. [potion of mutation]
 31581 | Orc:2    | Lost mutation: You have a pair of small antennae on your head. [potion of mutation]
 31581 | Orc:2    | Gained mutation: You have an increased reservoir of magic. (+10% MP) [potion of mutation]
 31581 | Orc:2    | Gained mutation: Your muscles are strong. (Str +2) [potion of mutation]
 31614 | Elf:1    | Entered Level 1 of the Elven Halls
 31628 | Elf:1    | Found a radiant altar of Vehumet.
 32304 | D:15     | Entered Level 15 of the Dungeon
 32385 | D:15     | Noticed Kirke
 32387 | D:15     | Killed Kirke
 32635 | D:15     | Found a staircase to the Depths.
 32640 | D:15     | Reached skill level 15 in Dodging
 33388 | Depths:1 | Entered Level 1 of the Depths
 34086 | Spider:1 | Entered Level 1 of the Spider Nest
 34452 | Spider:1 | Noticed Donald
 34454 | Spider:1 | Killed Donald
 34508 | Spider:1 | Found a frozen archway.
 34523 | Spider:1 | Got a sheer robe
 34530 | Spider:1 | Identified the +1 robe of Tocrevax {Int+4 Dex+4} (You found it on level 1 of the Spider Nest)
 34673 | Spider:1 | Noticed a ghost moth
 34701 | Spider:1 | Killed a ghost moth
 34701 | Spider:1 | Reached skill level 10 in Fighting
 34701 | Spider:1 | Reached XP level 16. HP: 35/85 MP: 1/38
 35643 | D:13     | Bought a scroll of acquirement for 832 gold pieces
 35864 | Spider:1 | Reached skill level 20 in Stealth
 35870 | Spider:2 | Noticed Arachne
 36019 | Spider:1 | Killed Arachne
 37470 | Spider:1 | Reached skill level 1 in Shields
 38496 | Spider:2 | Noticed Roxanne
 38942 | Shoals:1 | Entered Level 1 of the Shoals
 39906 | Shoals:1 | Drowned by a drowned soul

Vault maps used:
D:1:      lightli_arrival_statue_moat, hangedman_decor_points
D:3:      first_bread, minmay_liquid_box, minmay_misc_feat_encased
D:5:      serial_shops, kennysheep_little_box, nicolae_shop_behind_doors, shop,
          basic_altar, nicolae_gozag_cash_rules_everything_around_me,
          uniq_edmund, uniq_crazy_yiuf_cottage
D:6:      nicolae_overflow_crystal_walls, minitemple, bloody_trog,
          minmay_temple_entry_trees, uniq_grinder
D:8:      serial_shops, shop_statue, uniq_maurice, uniq_prince_ribbit1,
          uniq_erica
D:9:      hangedman_pestilent_swarm
D:10:     erik_lair_island, hive_lemuel
D:11:     david_orc_2, basic_altar
D:12:     serial_shops, shop, nicolae_trove_entry_path_of_doom, uniq_josephine
D:13:     basic_altar, serial_shops, shop, nicolae_shop_statue_plus, shop, shop,
          kennysheep_mini
D:14:     grunt_vaults_entry_tiered, nicolae_twisting_strands, basic_altar,
          serial_shops, nicolae_shop_window_shopping
D:15:     hangedman_depths_entry_try_elsewhere_first, minmay_misc_feat_roman,
          uniq_kirke
Temple:   dshaligram_water_room_temple
Lair:1:   st_stairs_4, grunt_megastairs_1
Lair:2:   statuecave_lemuel, infiniplex_staircase_pool
Lair:3:   dummy_spider_entry, grunt_megastairs_4
Lair:4:   minmay_shoals_entry_beasts, beast_lair_carwin_5
Lair:5:   minivault_29
Lair:6:   evilmike_catoblepas_cave, slime_dummy, serial_bayou,
          serial_bayou_pond_e, lemuel_fruit_tree
Shoals:1: nicolae_shoals_siren_and_animal_friends
Spider:1: portal_ice_cave_entry_dragon, uniq_donald
Spider:2: nicolae_spider_mines_3, spider_trap, spiders_nest_hornet_nest,
          hangedman_spider_tarantella_strand, uniq_roxanne, uniq_arachne
Orc:2:    st_orc_pillars, serial_shops, shop
Elf:1:    eino_elf_arrival_altar, serial_shops, nicolae_shop_waterfront,
          minmay_elf_crystal_hexagon
Depths:1: minmay_guarded_unrand_sceptre_of_torment, pf_hell_entry_tar_spiral,
          eino_curves_02, abyss_entry, minivault_16, grunt_ministairs_15,
          spider_trap, small_chamber_with_monster, lightli_minifort

Skill      XL: |  1  2  3  4  5  6  7  8  9 10 11 12 13 14 15 16 |
---------------+-------------------------------------------------+-----
Spellcasting   | 3 4 5 6 7 8 10 11 12 13 14 | 14.6
Hexes          | 4 5 6 7 9 10 11 12 13 14 | 14.8
Stealth        | 6 9 12 13 14 15 16 17 18 19 20 | 20.6
Fighting       | 1 3 4 5 6 8 9 10 | 10.6
Short Blades   | 2 4 6 7 9 10 11 12 13 | 13.0
Dodging        | 4 6 8 10 11 13 14 15 16 | 16.2
Shields        | 2 |  2.3

Action                   |  1- 3 |  4- 6 |  7- 9 | 10-12 | 13-15 | 16-18 || total
-------------------------+-------+-------+-------+-------+-------+-------++-------
Melee: Dagger            |   109 |   176 |   179 |   834 |   641 |       ||  1939
       Rapier            |       |       |       |       |   930 |   360 ||  1290
 Cast: Corona            |     2 |       |       |       |       |       ||     2
       Ensorcelled Hiber |    15 |    37 |    13 |    57 |   142 |    82 ||   346
       Confuse           |     3 |    10 |    38 |    94 |    34 |    21 ||   200
       Tukima's Dance    |       |       |     4 |     1 |     3 |       ||     8
       Dazzling Spray    |       |       |       |    17 |    41 |    34 ||    92
Invok: Shadow Step       |       |       |       |       |     9 |     2 ||    11
  Use: Scroll            |     2 |    11 |     6 |    12 |    17 |     2 ||    50
       Potion            |     1 |       |       |     3 |    10 |    11 ||    25
 Stab: Sleeping          |    23 |    39 |    40 |    61 |   177 |    67 ||   407
       Confused          |     2 |     5 |    21 |    63 |    29 |    13 ||   133
       Distracted        |       |     2 |     2 |     5 |    18 |     7 ||    34
       Invisible         |       |       |       |     5 |    42 |     9 ||    56
  Eat: Fruit             |       |     2 |       |     3 |     5 |       ||    10
       Royal jelly       |       |     1 |     2 |     3 |     9 |     1 ||    16
       Bread ration      |       |       |     1 |       |       |       ||     1
Armor: Robe              |     8 |    24 |    11 |    58 |    99 |    58 ||   258
Dodge: Dodged            |    76 |   145 |    83 |   494 |  1159 |   697 ||  2654
Block: Other             |       |       |     8 |    50 |   124 |    64 ||   246
       Reflection        |       |       |     1 |       |     2 |       ||     3
